 Dungeon Crawl Stone Soup version 0.30-a0-930-gb9d0489357 (webtiles) character file.

Game seed: 14071494646336256733

74 Esekla the Sneak (level 4, 0/31 HPs)
             Began as an Octopode Delver on Mar 23, 2023.
             Was an Initiate of Gozag.
             Slain by a worm (11 damage)
             ... on level 4 of the Dungeon.
             The game lasted 00:05:01 (583 turns).

Esekla the Sneak (Octopode Delver)                   Turns: 583, Time: 00:05:02

Health: 0/31       AC:  1    Str: 11    XL:     4   Next: 28%
Magic:  4/4        EV: 13    Int: 14    God:    Gozag
Gold:   120        SH:  0    Dex: 13    Spells: 4/4 levels left

rFire   . . .      SeeInvis .    a - +0 falchion
rCold   . . .      Faith    .    (no shield)
rNeg    . . .      Spirit   .    (helmet restricted)
rPois   .          Reflect  .    (no amulet)
rElec   .          Rampage  .    (no ring)
rCorr   .                        (no ring)
Will    .....                    (no ring)
Stlth   ++++++                   (no ring)
HPRegen 0.25/turn                (no ring)
MPRegen 0.09/turn                (no ring)
                                 (no ring)
                                 (no ring)

@: gold aura
A: almost no armour, amphibious, 8 rings, camouflage 1, gelatinous body 1,
nimble swimmer 1, tentacles
a: Renounce Religion, Potion Petition, Call Merchant, Bribe Branch


You were on level 4 of the Dungeon.
You worshipped Gozag.
Gozag was aware of your devotion.
You visited 2 branches of the dungeon, and saw 3 of its levels.

You collected 143 gold pieces.
You paid 23 gold pieces to Gozag.

Inventory:

Hand Weapons
 a - a +0 falchion (weapon)
 s - a +0 dagger
Missiles
 h - 5 javelins (quivered)
Wands
 f - a wand of digging (3)
Scrolls
 b - a scroll of fog
 d - 2 scrolls of fear
Potions
 e - a potion of haste
 g - a potion of curing {unknown}
 i - a potion of ambrosia {unknown}


   Skills:
 * Level 3.3 Fighting
 * Level 2.6 Long Blades
 * Level 2.2 Dodging
 + Level 7.7 Stealth
 * Level 0.5 Spellcasting


You had 4 spell levels left.
You didn't know any spells.
Your spell library was empty.

Dungeon Overview and Level Annotations

Branches:
Dungeon (5/15)             Temple (1/1) D:5

Altars:
Fedhas
Gozag
Kikubaaqudgha
Makhleb
Xom
The Shining One

Portals:
Sewer: D:4

Annotations:
D:4 Dowan, Robin


Innate Abilities, Weirdness & Mutations

You cannot wear most types of armour.
You are amphibious.
You can wear up to eight rings at the same time.
Your skin changes colour to match your surroundings (Stealth+).
Your rubbery body absorbs attacks. (AC +1, EV +1)
You are camouflaged when in or above water. (Stealth+)
You have tentacles for arms and can constrict up to eight enemies at once.


Message History

You constrict the worm. You hit the worm.
The worm is heavily wounded.
You constrict the worm. The worm bites you.
You hit the worm. You squeeze the worm, but do no damage.
The worm is severely wounded.
You constrict the worm. The worm barely misses you.
You hit the worm. You squeeze the worm, but do no damage.
The worm is almost dead.
You constrict the worm.
You kill the worm!
You now have 113 gold pieces (gained 13).
You now have 120 gold pieces (gained 7).
h - 2 javelins (gained 1)
h - 5 javelins (gained 3)
An adder comes into view.
You hear the quick rusting of a drain.
j - a +0 dagger (weapon)
Adjust (i)tems, (s)pells, or (a)bilities?
j - a +0 dagger (weapon)
Adjust to which letter? (? for menu, Esc to quit)
s - a +0 dagger (weapon)
A worm comes into view.
Found a glowing drain.
The helpless adder fails to defend itself.
You impale the adder!!
You kill the adder!
You hit the worm. You grab the worm.
The worm is lightly wounded.
You constrict the worm. The worm bites you!
a - a +0 falchion (weapon)
You constrict the worm. You hit the worm.
The worm is moderately wounded.
You constrict the worm. The worm bites you.
You hit the worm but do no damage.
The worm is moderately wounded.
You constrict the worm. The worm bites you!
You die...
Your body crumbles into a pile of gold.

#.~~#~#$##### ###
#.~~~~~~~~~# #..
##########~# #..
#∩#~~~~~~# #..
#~#~#~#### #..
#~#~#~~~~# ###
#~#~#~##~# ##
#w#~#~~*~# #.
#@#~##~*~* #.
#$~~#*~#~########.
###~#~~#~#........
###*##*#########
*,*********,,,
*,,,,,,,,,*,**
****,,,,,,*,*,
*,,,,,,*,*,
*,,>,,,*,*,


You could see a worm.

Vanquished Creatures
  A river rat (D:4)
  4 adders
  6 worms (D:4)
  An orc (D:4)
  A goblin (D:4)
  A quokka (D:4)
  2 rats (D:4)
16 creatures vanquished.

Notes
Turn   | Place    | Note
-------+----------+-------------------------------------------
     0 | D:5      | Esekla the Octopode Delver began the quest for the Orb.
     0 | D:5      | Reached XP level 1. HP: 16/16 MP: 1/1
     5 | D:5      | Found a staircase to the Ecumenical Temple.
    11 | Temple   | Entered the Ecumenical Temple
    39 | D:5      | Noticed a hound
    76 | D:5      | Found a shimmering altar of Xom.
   109 | D:5      | Reached skill level 7 in Stealth
   109 | D:5      | Reached XP level 2. HP: 18/21 MP: 2/2
   112 | D:5      | Noticed an orc warrior
   147 | Temple   | Became a worshipper of Gozag Ym Sagoz the Greedy
   212 | D:4      | Noticed Dowan
   332 | D:4      | Noticed Robin
   481 | D:4      | Reached XP level 3. HP: 17/26 MP: 3/3
   552 | D:4      | Reached XP level 4. HP: 17/31 MP: 4/4
   577 | D:4      | Found a glowing drain.
   583 | D:4      | Slain by a worm

Illustrated notes

Levels and vault maps discovered:
D:4:      layout_basic, lightli_sewer_entry_pipes, hangedman_decor_growths,
          uniq_robin, uniq_duvessa, uniq_natasha
D:5:      layout_cave_pods, nicolae_vehumet_radiance,
          mainiacjoe_overflow_tiny_flanked, mainiacjoe_overflow_small_starburst,
          minmay_temple_entry_wispy
Temple:   zaba_magenta_temple

Skill      XL: |  1 |
---------------+----+-----
Stealth        | 7 |  7.7
Fighting       | |  3.3
Long Blades    | |  2.6
Dodging        | |  2.2
Spellcasting   | |  0.5

Action                     |  1- 3 |  4- 6 || total
---------------------------+-------+-------++-------
  Melee: Falchion          |    19 |     7 ||    26
         Constrict         |     5 |     3 ||     8
         Tentacles         |     2 |     3 ||     5
         Dagger            |     6 |     2 ||     8
  Throw: Javelin           |     3 |     4 ||     7
    Use: Scroll            |     1 |       ||     1
   Stab: Sleeping          |     6 |     1 ||     7
  Dodge: Dodged            |     9 |     1 ||    10

Table legend: (Time is in decaauts)
 A = Elapsed time spent in this place.
 B = Non-inter-level travel time spent in this place.
 C = Inter-level travel time spent in this place.
 D = Time resting spent in this place.
 E = Time spent auto-exploring this place.
 F = Levels seen in this place.
 G = Mean time per level.
                   A        B        C        D        E       F      G
               +--------+--------+--------+--------+--------+-----+--------+
         Total |    588 |    570 |     18 |      0 |      7 |   3 |  196.0 |
       Dungeon |    533 |    532 |      1 |      0 |      0 |   2 |  266.5 |
        Temple |     55 |     38 |     17 |      0 |      7 |   1 |   55.0 |
               +--------+--------+--------+--------+--------+-----+--------+

Top non-repeatable levels by time:
     D:4: 411 daAuts
     D:5: 121 daAuts
  Temple: 55 daAuts
